 Dungeon Crawl Stone Soup version 0.27-a0-1312-g5cdb2b3542 (webtiles) character file.

Game seed: 7374614218508897779

370 Demosthentine the Poker (level 6, -3/48 HPs)
             Began as a Merfolk Gladiator on June 21, 2021.
             Slain by an orc wizard (6 damage)
             ... on level 4 of the Dungeon.
             The game lasted 00:03:32 (3403 turns).

Demosthentine the Poker (Merfolk Gladiator)         Turns: 3403, Time: 00:03:33

Health: -3/48      AC:  5    Str: 16    XL:     6   Next: 70%
Magic:  6/6        EV: 14    Int:  7    God:
Gold:   111        SH:  0    Dex: 16    Spells: 5/5 levels left

rFire    . . .     SeeInvis .   a - +0 trident
rCold    + . .     Faith    .   (no shield)
rNeg     . . .     Spirit   .   b - +0 leather armour
rPois    .         Reflect  .   c - +1 helmet
rElec    .         Harm     .   (no cloak)
rCorr    .         Rampage  .   (no gloves)
Will     .....                  (no boots)
Stlth    +.........             (no amulet)
HPRegen  0.16/turn              (no ring)
MPRegen  0.10/turn              (no ring)

@: no status effects
A: (nimble swimmer 2), mertail, cold resistance 1, wild magic 1
a: no special abilities


You were on level 4 of the Dungeon.
You visited 1 branch of the dungeon, and saw 4 of its levels.

You collected 111 gold pieces.

Inventory:

Hand Weapons
 a - a +0 trident (weapon)
Missiles
 d - 4 throwing nets (quivered)
Armour
 b - a +0 leather armour (worn)
 c - a +1 helmet (worn)
Jewellery
 k - a ring of fire
Scrolls
 h - 2 scrolls of summoning
Potions
 f - a potion of haste {unknown}
 i - 5 potions of flight
 j - a potion of cancellation


   Skills:
 + Level 4.1 Fighting
 + Level 6.5 Polearms
 - Level 2.0 Throwing
 + Level 2.2 Armour
 + Level 5.8 Dodging


You had 5 spell levels left.
You didn't know any spells.
Your spell library contained the following spells:

 Spells                   Type           Power      Damage    Failure   Level
 Summon Small Mammal      Summ           0%         N/A       58%         1
 Call Imp                 Summ           0%         N/A       73%         2
 Call Canine Familiar     Summ           0%         N/A       90%         3
 Summon Guardian Golem    Hex/Summ       0%         N/A       90%         3
 Summon Ice Beast         Ice/Summ       0%         N/A       100%        4
 Summon Lightning Spire   Summ/Air       0%         N/A       100%        4


Dungeon Overview and Level Annotations

Branches:
Dungeon (4/15)
 Temple: D:4-7

Altars:


Innate Abilities, Weirdness & Mutations

((You are quick and stealthy near water. (Stealth+, EV+, Speed+++)))
Your lower body shifts to a powerful aquatic tail in water.
Your flesh is cold resistant. (rC+)
Your spells are a little harder to cast, but a little more powerful.


Message History

You hit something. Something hits you but does no damage.
You hit something but do no damage. Something hits you.
You hit something. Something hits you but does no damage.
You barely miss something. Something hits you.
* * * LOW HITPOINT WARNING * * *
You hit something.
You hear some strange, mumbled words.
A magic dart appears from out of thin air!
The magic dart hits you!
* * * LOW HITPOINT WARNING * * *
You feel better. Something barely misses you.
You miss something.
You hear some strange, mumbled words.
A puff of flame appears from out of thin air!
The puff of flame hits you.
* * * LOW HITPOINT WARNING * * *
Reach: a) +0 trident
Press: ? - help, Dir - move target, f - orc
Aim: an orc, wielding a +0 morningstar and wearing a +0 leather armour (about 36% to evade your +0 trident)
You reach to attack!
You hit the orc.
The orc is severely wounded.
Something hits you but does no damage.
An orc comes into view. It is wielding a +0 war axe.
Reach: a) +0 trident
Press: ? - help, Dir - move target, f/p - orc
Aim: an orc, wielding a +0 morningstar and wearing a +0 leather armour (severely wounded, about 36% to evade your +0 trident)
Something you can't see is in the way.
You barely miss something. Something hits you.
* * * LOW HITPOINT WARNING * * *
Reach: a) +0 trident
Press: ? - help, Dir - move target, f/p - orc
Aim: an orc, wielding a +0 morningstar and wearing a +0 leather armour (severely wounded, about 36% to evade your +0 trident)
You reach to attack!
You barely miss the orc.
The orc is severely wounded.
Something hits you.
* * * LOW HITPOINT WARNING * * *
It was a potion of mutation.
You feel extremely strange.
You feel resistant to cold.
You feel less in control of your magic. Something hits you.
You die...

#.#####..........#
#.##.......#
...#####.##########
.........# ########.####
#.........# ...
#.........# ....[.
#.........# ......
##.#'#@#### #......
####.#.#{########......
#....#..o..............
####.#####...............
#....................###
#....................#
#<..†............!...#####
#........................#
#........................#


You could see an orc.

Vanquished Creatures
  Sigmund (D:3)
  Jessica (D:3)
  An iguana (D:4)
  A hound skeleton (D:4)
  3 adders (D:2)
  3 gnolls
  An adder skeleton (D:4)
  A worm (D:2)
  2 dart slugs
  5 orcs
  8 endoplasms
  2 giant cockroaches
  5 goblins
  11 hobgoblins
  2 jackals (D:2)
  3 kobolds
  3 quokkas
  2 ball pythons
  6 bats
  2 frilled lizards (D:3)
  7 rats
70 creatures vanquished.

Notes
Turn   | Place    | Note
-------+----------+-------------------------------------------
     0 | D:1      | Demosthentine the Merfolk Gladiator began the quest for the
                  | Orb.
     0 | D:1      | Reached XP level 1. HP: 16/16 MP: 1/1
   153 | D:1      | Reached XP level 2. HP: 22/23 MP: 2/2
   270 | D:1      | Found a faded altar of an unknown god.
   727 | D:1      | Reached XP level 3. HP: 24/28 MP: 3/3
  1215 | D:2      | Reached skill level 5 in Polearms
  1215 | D:2      | Reached skill level 1 in Armour
  1407 | D:2      | Reached XP level 4. HP: 27/34 MP: 4/4
  1863 | D:3      | Noticed Jessica
  1882 | D:3      | Killed Jessica
  1883 | D:3      | Reached skill level 5 in Dodging
  2067 | D:2      | Reached XP level 5. HP: 21/41 MP: 5/5
  2525 | D:3      | Noticed Sigmund
  2765 | D:3      | Killed Sigmund
  2766 | D:3      | Reached skill level 6 in Polearms
  2766 | D:3      | Reached XP level 6. HP: 41/48 MP: 6/6
  3403 | D:4      | Gained mutation: Your flesh is cold resistant. (rC+)
                  | [potion of mutation]
  3403 | D:4      | Gained mutation: Your spells are a little harder to cast,
                  | but a little more powerful. [potion of mutation]
  3403 | D:4      | Slain by an orc wizard

Illustrated notes

Levels and vault maps discovered:
D:1:      psy_arrival_dodecagon, layout_basic,
          ebering_ecumenical_altar_sacrificial, dk_noncrumbling_2
D:2:      layout_rooms, nrook_campfire
D:3:      layout_loops_cross, uniq_sigmund, uniq_jessica
D:4:      layout_basic, serial_shops, nicolae_shop_waterfront, minivault_1

Skill      XL: |  1  2  3  4  5  6 |
---------------+-------------------+-----
Polearms       | 5 6 |  6.5
Armour         | 1 2 |  2.2
Fighting       | 3 4 |  4.1
Dodging        | 5 |  5.8
Throwing       | |  2.0

Action                   |  1- 3 |  4- 6 || total
-------------------------+-------+-------++-------
Melee: Trident           |    85 |   164 ||   249
Throw: Throwing net      |       |     1 ||     1
  Use: Scroll            |     7 |     1 ||     8
       Potion            |       |     2 ||     2
 Stab: Sleeping          |       |     4 ||     4
Armor: Leather armour    |    13 |    32 ||    45
Dodge: Dodged            |    38 |    97 ||   135

Table legend: (Time is in decaauts)
 A = Elapsed time spent in this place.
 B = Non-inter-level travel time spent in this place.
 C = Inter-level travel time spent in this place.
 D = Time resting spent in this place.
 E = Time spent auto-exploring this place.
 F = Levels seen in this place.
 G = Mean time per level.
                   A        B        C        D        E       F      G
               +--------+--------+--------+--------+--------+-----+--------+
         Total |   3413 |   3362 |     51 |    409 |   2424 |   4 |  853.2 |
       Dungeon |   3413 |   3362 |     51 |    409 |   2424 |   4 |  853.2 |
               +--------+--------+--------+--------+--------+-----+--------+

Top non-repeatable levels by time:
     D:2: 1232 daAuts
     D:1: 1073 daAuts
     D:3: 972 daAuts
     D:4: 135 daAuts
